 Dungeon Crawl Stone Soup version 0.30-a0-824-g6c64550be9 (webtiles) character file.

Game seed: 16424835095430968960

541 avis the Shooter (level 6, -2/51 HPs)
             Began as a Demigod Hunter on Feb 28, 2023.
             Slain by an ogre
             ... wielding a +0 giant club
              (27 damage)
             ... on level 5 of the Dungeon.
             The game lasted 00:19:54 (3761 turns).

avis the Shooter (Demigod Hunter)                   Turns: 3761, Time: 00:19:54

Health: -2/51      AC: 14    Str: 12    XL:     6   Next: 76%
Magic:  0/8        EV: 13    Int: 11    God:
Gold:   185        SH:  0    Dex: 25    Spells: 5/5 levels left

rFire   . . .      SeeInvis .    a - +0 shortbow
rCold   . . .      Faith    .    (shield currently unavailable)
rNeg    . . .      Spirit   +    g - +0 acid dragon scales
rPois   .          Reflect  .    y - +2 helmet
rElec   .          Harm     .    s - +0 cloak
rCorr   +          Rampage  .    (no gloves)
Will    +....                    (no boots)
Stlth   ++                       n - amulet of guardian spirit
HPRegen 0.28/turn                r - +4 ring of protection
MPRegen 0.11/turn                m - ring of willpower

@: no status effects
A: high MP 1, forlorn, divine attributes
a: no special abilities


You were on level 5 of the Dungeon.
You visited 1 branch of the dungeon, and saw 5 of its levels.

You collected 185 gold pieces.

Inventory:

Hand Weapons
 a - a +0 shortbow (weapon)
 b - a +0 long sword
Missiles
 c - 8 poisoned darts
 v - 6 boomerangs
Armour
 g - +0 acid dragon scales (worn)
 s - a +0 cloak (worn)
 y - a +2 helmet (worn)
 D - a +1 hat
Magical Staves
 f - a staff of air
Jewellery
 m - a ring of willpower (right hand)
 n - an amulet of guardian spirit (around neck)
 r - a +4 ring of protection (left hand)
 E - a ring of protection from cold
Wands
 F - a wand of flame (12)
Scrolls
 d - 2 scrolls of identify
 e - 3 scrolls of noise {unknown}
 h - a scroll of magic mapping
 i - 2 scrolls of enchant weapon
 j - a scroll of enchant armour
 l - 3 scrolls of teleportation {unknown}
 p - a scroll of blinking
 x - a scroll of immolation
Potions
 k - a potion of curing
 o - a potion of invisibility
 q - a potion of heal wounds
 t - a potion of magic
 u - a potion of flight
 w - a potion of resistance
 z - a potion of lignification {unknown}
 A - a potion of berserk rage {unknown}
 B - a potion of mutation {unknown}
 C - a potion of haste {unknown}
 G - a potion of degeneration {unknown}


   Skills:
 - Level 3.0 Fighting
 - Level 7.0 Ranged Weapons
 * Level 2.9 Dodging
 - Level 1.0 Stealth


You had 5 spell levels left.
You didn't know any spells.
Your spell library contained the following spells:

 Spells                   Type           Power      Damage    Failure   Level
 Sandblast                Erth           0%         2d4       47%         1
 Ensorcelled Hibernation  Hex/Ice        0%         N/A       63%         2
 Passwall                 Tmut/Erth      0%         N/A       63%         2
 Static Discharge         Conj/Air       0%         2-2/arc   63%         2
 Dazzling Flash           Conj/Hex       0%         N/A       85%         3
 Spider Form              Tmut/Pois      0%         N/A       85%         3
 Stone Arrow              Conj/Erth      0%         3d7       85%         3
 Vhi's Electric Charge    Tloc/Air       0%         N/A       85%         3
 Anguish                  Hex/Necr       0%         N/A       99%         4
 Iskenderun's Mystic Bla  Conj/Tloc      0%         2d3       99%         4
 Arcjolt                  Conj/Air       0%         1d10      100%        5
 Lightning Bolt           Conj/Air       0%         1d11      100%        5
 Starburst                Conj/Fire      0%         6d3       100%        6


Dungeon Overview and Level Annotations

Branches:
Dungeon (5/15)
 Temple: D:4-7

Annotations:
D:2 1 runed translucent door, exclusion: door, Crazy Yiuf


Innate Abilities, Weirdness & Mutations

You have an increased reservoir of magic. (+10% MP)
You shall have no god before yourself.
Your divine heritage dramatically boosts your attributes as you level up.


Message History

The jelly hits you but does no damage.
Fire: a) +0 shortbow
Press: ? - help, Q - select action, (/) - cycle Shift-Dir - straight line, f/p - jelly
Aim: a jelly (almost dead, 91% to hit)
You shoot an arrow. The arrow hits the jelly.
The jelly is almost dead.
The jelly hits you but does no damage.
Fire: a) +0 shortbow
Press: ? - help, Q - select action, (/) - cycle Shift-Dir - straight line, f/p - jelly
Aim: a jelly (almost dead, 91% to hit)
You shoot an arrow. The arrow hits the jelly!
You kill the jelly!
You hear a shout!
An ogre comes into view. It is wielding a +0 giant club.
Found a potion of curing.
The ogre shouts!
Fire: a) +0 shortbow
Press: ? - help, Q - select action, (/) - cycle Shift-Dir - straight line, f - ogre
Aim: an ogre, wielding a +0 giant club (80% to hit)
You shoot an arrow. The arrow completely misses the ogre.
The ogre hits you with a +0 giant club!
Fire: a) +0 shortbow
Press: ? - help, Q - select action, (/) - cycle Shift-Dir - straight line, f/p - ogre
Aim: an ogre, wielding a +0 giant club (80% to hit)
You shoot an arrow. The arrow hits the ogre!
The ogre is moderately wounded.
The ogre hits you with a +0 giant club!!
Fire: a) +0 shortbow
Press: ? - help, Q - select action, (/) - cycle Shift-Dir - straight line, f/p - ogre
Aim: an ogre, wielding a +0 giant club (moderately wounded, 80% to hit)
You shoot an arrow. The arrow hits the ogre!
The ogre is severely wounded.
The ogre closely misses you.
Fire: a) +0 shortbow
Press: ? - help, Q - select action, (/) - cycle Shift-Dir - straight line, f/p - ogre
Aim: an ogre, wielding a +0 giant club (heavily wounded, 80% to hit)
You shoot an arrow. The arrow barely misses the ogre.
The ogre hits you with a +0 giant club!!
Ouch! That really hurt!
You die...

...........
.###...#######
.............#
######..####.# #
##..# #.# ## #
######.###.# .. #
#........#.######!##
#
#......#......#....#
#
#......###...>@O...#
###......#
######....#
#........# ....#
#.#......# ....#
#.#<..#### ....#
#.########### ....#
#...........# ....#
###########.# ....#
....# #####.#


You could see an ogre.

Vanquished Creatures
  An ogre (D:4)
  A scorpion (D:5)
  A jelly (D:5)
  2 orc priests
  Natasha (thrice) (D:4)
  An orc wizard (D:3)
  Terence (D:2)
  Robin (D:4)
  6 adders
  14 orcs
  15 endoplasms
  3 giant cockroaches
  12 goblins
  7 hobgoblins
  5 jackals (D:3)
  3 quokkas
  7 ball pythons
  9 bats
  4 frilled lizards
  6 kobolds
  5 rats
107 creatures vanquished.

Notes
Turn   | Place    | Note
-------+----------+-------------------------------------------
     0 | D:1      | avis the Demigod Hunter began the quest for the Orb.
     0 | D:1      | Reached XP level 1. HP: 17/17 MP: 3/3
   179 | D:1      | Reached skill level 4 in Ranged Weapons
   231 | D:1      | Reached XP level 2. HP: 24/24 MP: 4/4
   661 | D:2      | Noticed Terence
   675 | D:2      | Killed Terence
   676 | D:2      | Reached XP level 3. HP: 9/29 MP: 5/5
  1106 | D:2      | Reached skill level 5 in Ranged Weapons
  1382 | D:2      | Found a runed translucent door.
  1383 | D:2      | Noticed Crazy Yiuf
  1750 | D:3      | Reached skill level 1 in Stealth
  1763 | D:3      | Reached XP level 4. HP: 26/36 MP: 6/6
  1996 | D:3      | Reached XP level 5. HP: 36/41 MP: 7/7
  2528 | D:3      | Reached skill level 6 in Ranged Weapons
  2727 | D:4      | Noticed Natasha
  2733 | D:4      | Killed Natasha
  2927 | D:4      | Noticed an ogre
  2933 | D:4      | Killed an ogre
  2934 | D:4      | Reached XP level 6. HP: 36/51 MP: 5/8
  3123 | D:4      | Noticed Robin
  3138 | D:4      | Killed Robin
  3295 | D:4      | Noticed Natasha
  3307 | D:4      | Killed Natasha
  3484 | D:5      | Entered Level 5 of the Dungeon
  3510 | D:4      | Noticed Natasha
  3515 | D:4      | Killed Natasha
  3710 | D:5      | Reached skill level 7 in Ranged Weapons
  3761 | D:5      | Slain by an ogre

Illustrated notes

Levels and vault maps discovered:
D:1:      wander_arrival_abandoned_jail, layout_basic, minivault_14
D:2:      layout_loops_ring, uniq_terence, uniq_crazy_yiuf_cottage
D:3:      minmay_razor_zed, layout_loops_ring, chequers_arboretum,
          kennysheep_nub
D:4:      layout_basic, uniq_robin, uniq_natasha
D:5:      layout_basic, grunt_decor_fettered

Skill      XL: |  1  2  3  4  5  6 |
---------------+-------------------+-----
Ranged Weapons | 4 5 6 7 |  7.0
Fighting       | 2 3 |  3.0
Dodging        | 2 |  2.9
Stealth        | 1 |  1.0

Action                     |  1- 3 |  4- 6 || total
---------------------------+-------+-------++-------
   Fire: Shortbow          |   137 |   181 ||   318
    Use: Scroll            |       |     9 ||     9
 Armour: Leather armour    |     1 |       ||     1
         Acid dragon scale |    23 |    48 ||    71
  Dodge: Dodged            |    53 |    85 ||   138

Table legend: (Time is in decaauts)
 A = Elapsed time spent in this place.
 B = Non-inter-level travel time spent in this place.
 C = Inter-level travel time spent in this place.
 D = Time resting spent in this place.
 E = Time spent auto-exploring this place.
 F = Levels seen in this place.
 G = Mean time per level.
                   A        B        C        D        E       F      G
               +--------+--------+--------+--------+--------+-----+--------+
         Total |   3855 |   3357 |    498 |    243 |   2039 |   5 |  771.0 |
       Dungeon |   3855 |   3357 |    498 |    243 |   2039 |   5 |  771.0 |
               +--------+--------+--------+--------+--------+-----+--------+

Top non-repeatable levels by time:
     D:3: 1146 daAuts
     D:2: 895 daAuts
     D:4: 887 daAuts
     D:1: 743 daAuts
     D:5: 182 daAuts
